[ AOE2 MATCH · #463975475 ]
Team RMByzantines vs Slavs
[ REPLAY ANALYSIS · EXTRACTED FROM THE RECORDED GAME ]
Feudal
12:21
Castle
17:53
Imperial
29:52
| APM avg | 26.1 |
| APM peak | 59 |
| eAPM avg | 18.8 |
| Villagers / military | 192 / 645 |
Focus
⚔️ 29.6% · 🌾 70.4%
Spearman ×304 · Militia ×191 · Skirmisher ×121 · Monk ×11 · Trebuchet (Packed) ×9 · Petard ×5
Feudal
14:17
Castle
18:44
Imperial
29:00
| APM avg | 15.0 |
| APM peak | 76 |
| eAPM avg | 8.4 |
| Villagers / military | 139 / 91 |
Focus
⚔️ 14.1% · 🌾 85.9%
Longbowman ×86 · Trade Cart ×8 · Trebuchet (Packed) ×5
Feudal
11:46
Castle
19:25
Imperial
35:56
| APM avg | 22.9 |
| APM peak | 51 |
| eAPM avg | 16.8 |
| Villagers / military | 101 / 229 |
Focus
⚔️ 42.1% · 🌾 57.9%
Janissary ×73 · Skirmisher ×65 · Bombard Cannon ×57 · Scout Cavalry ×25 · Hand Cannoneer ×8 · Trade Cart ×7
Feudal
11:47
Castle
15:27
Imperial
30:42
| APM avg | 33.0 |
| APM peak | 116 |
| eAPM avg | 21.7 |
| Villagers / military | 153 / 273 |
Focus
⚔️ 31.8% · 🌾 68.2%
Spearman ×69 · Monaspa ×67 · Scout Cavalry ×53 · Mangonel ×47 · Hand Cannoneer ×15 · Trebuchet (Packed) ×11
Feudal
11:47
Castle
15:33
Imperial
30:08
| APM avg | 31.2 |
| APM peak | 92 |
| eAPM avg | 19.5 |
| Villagers / military | 140 / 267 |
Focus
⚔️ 23.0% · 🌾 77.0%
Knight ×254 · Trade Cart ×12 · Mangonel ×8 · Monk ×4 · Scorpion ×1
Feudal
13:53
Castle
17:58
Imperial
32:42
| APM avg | 15.5 |
| APM peak | 41 |
| eAPM avg | 11.4 |
| Villagers / military | 122 / 201 |
Focus
⚔️ 27.5% · 🌾 72.5%
Scorpion ×81 · Bombard Cannon ×59 · Shotel Warrior ×59 · Trade Cart ×15 · Monk ×2
Feudal
13:01
Castle
19:44
Imperial
33:56
| APM avg | 21.6 |
| APM peak | 73 |
| eAPM avg | 17.5 |
| Villagers / military | 137 / 299 |
Focus
⚔️ 42.4% · 🌾 57.6%
Scout Cavalry ×86 · Genoese Crossbowman ×84 · Spearman ×51 · Hand Cannoneer ×30 · Trade Cart ×27 · Archer ×15
Feudal
10:48
Castle
21:25
Imperial
29:55
| APM avg | 43.8 |
| APM peak | 111 |
| eAPM avg | 21.0 |
| Villagers / military | 105 / 329 |
Focus
⚔️ 54.0% · 🌾 46.0%
Militia ×288 · Unknown (882) ×146 · Trade Cart ×34 · Scorpion ×33 · Trebuchet (Packed) ×5 · Mangonel ×2
Match map
Resources at game start + every placement click. Thick line = wall · dashed box = detected house wall. 🟡 gold · ⚪ stone · 🟢 berries · 🔶 boar · ⭕ relic
Inputs per minute
— bryant200120 - - M.Zahd
Build order — bryant200120
First 150 of 564 actions detected
| 0:02 | Create | Villager (Male) |
| 0:03 | Create | Villager (Male) |
| 0:03 | Create | Villager (Male) |
| 0:03 | Create | Villager (Male) |
| 0:04 | Create | Villager (Male) |
| 0:05 | Build | House |
| 0:07 | Build | House |
| 0:22 | Research | Loom |
| 0:25 | Create | Villager (Male) |
| 0:26 | Create | Villager (Male) |
| 0:26 | Create | Villager (Male) |
| 0:26 | Create | Villager (Male) |
| 1:27 | Build | Palisade Wall |
| 2:15 | Create | Villager (Male) |
| 2:15 | Create | Villager (Male) |
| 2:34 | Build | Lumber Camp |
| 2:49 | Create | Villager (Male) |
| 2:49 | Create | Villager (Male) |
| 3:27 | Create | Villager (Male) |
| 3:28 | Create | Villager (Male) |
| 3:57 | Create | Villager (Male) |
| 4:20 | Build | Building 804 |
| 4:29 | Build | House |
| 4:34 | Build | House |
| 4:39 | Create | Villager (Male) |
| 4:39 | Create | Villager (Male) |
| 4:48 | Create | Villager (Male) |
| 4:49 | Create | Villager (Male) |
| 5:24 | Create | Villager (Male) |
| 5:25 | Create | Villager (Male) |
| 5:39 | Create | Villager (Male) |
| 5:52 | Create | Villager (Male) |
| 6:09 | Create | Villager (Male) |
| 6:24 | Build | Mill |
| 6:36 | Create | Villager (Male) |
| 6:41 | Build | House |
| 6:43 | Build | House |
| 6:49 | Create | Villager (Male) |
| 7:00 | Create | Villager (Male) |
| 7:36 | Create | Villager (Male) |
| 8:07 | Create | Villager (Male) |
| 8:22 | Create | Villager (Male) |
| 8:41 | Create | Villager (Male) |
| 9:19 | Build | Mining Camp |
| 10:11 | Research | Feudal Age |
| 11:46 | Create | Villager (Male) |
| 11:48 | Create | Villager (Male) |
| 12:21 | Age | Feudal Age |
| 12:24 | Build | Blacksmith |
| 13:31 | Create | Villager (Male) |
| 13:32 | Create | Villager (Male) |
| 13:40 | Build | Market |
| 14:00 | Create | Villager (Male) |
| 15:10 | Build | Mining Camp |
| 15:13 | Research | Castle Age |
| 15:13 | Research | Castle Age |
| 15:14 | Research | Castle Age |
| 15:46 | Build | House |
| 15:48 | Build | House |
| 16:12 | Research | Double-Bit Axe |
| 16:26 | Build | Barracks |
| 16:36 | Create | Villager (Male) |
| 16:56 | Build | Lumber Camp |
| 17:51 | Create | Villager (Male) |
| 17:53 | Age | Castle Age |
| 17:55 | Research | Horse Collar |
| 18:21 | Build | Farm |
| 18:24 | Create | Villager (Male) |
| 18:42 | Build | Stone Wall |
| 18:48 | Build | Farm |
| 18:52 | Create | Villager (Male) |
| 19:09 | Build | Town Center |
| 19:14 | Build | Farm |
| 19:17 | Create | Villager (Male) |
| 19:42 | Build | Farm |
| 19:44 | Create | Villager (Male) |
| 19:56 | Build | Siege Workshop |
| 20:04 | Build | Farm |
| 20:21 | Create | Villager (Male) |
| 20:22 | Create | Villager (Male) |
| 20:27 | Build | Farm |
| 20:58 | Build | Farm |
| 21:05 | Create | Villager (Male) |
| 21:05 | Create | Villager (Male) |
| 21:16 | Create | Villager (Male) |
| 21:18 | Build | Farm |
| 21:27 | Build | Monastery |
| 21:34 | Build | Farm |
| 21:35 | Create | Villager (Male) |
| 21:48 | Build | Farm |
| 21:50 | Create | Villager (Male) |
| 21:53 | Research | Wheelbarrow |
| 22:05 | Build | Farm |
| 22:08 | Create | Villager (Male) |
| 22:15 | Build | House |
| 22:16 | Build | House |
| 22:17 | Build | House |
| 22:21 | Build | Farm |
| 22:26 | Create | Villager (Male) |
| 22:29 | Create | Monk |
| 22:45 | Build | Barracks |
| 22:52 | Build | Castle |
| 22:56 | Build | Farm |
| 22:58 | Create | Monk |
| 23:05 | Create | Villager (Male) |
| 23:10 | Build | Farm |
| 23:12 | Create | Villager (Male) |
| 23:14 | Create | Villager (Male) |
| 23:14 | Create | Villager (Male) |
| 23:48 | Build | Farm |
| 23:51 | Research | Heavy Plow |
| 23:59 | Create | Villager (Male) |
| 24:00 | Create | Villager (Male) |
| 24:00 | Create | Villager (Male) |
| 24:04 | Build | Farm |
| 24:09 | Create | Villager (Male) |
| 24:16 | Create | Villager (Male) |
| 24:17 | Create | Villager (Male) |
| 24:29 | Build | Farm |
| 24:31 | Create | Villager (Male) |
| 24:33 | Build | Farm |
| 24:44 | Build | Barracks |
| 24:50 | Create | Villager (Male) |
| 24:52 | Build | Farm |
| 24:59 | Build | Farm |
| 25:00 | Create | Villager (Male) |
| 25:00 | Create | Villager (Male) |
| 25:04 | Create | Villager (Male) |
| 25:26 | Build | Mining Camp |
| 25:29 | Build | Farm |
| 25:33 | Create | Villager (Male) |
| 25:34 | Create | Villager (Male) |
| 25:38 | Create | Villager (Male) |
| 25:47 | Build | Farm |
| 25:49 | Create | Villager (Male) |
| 26:01 | Create | Villager (Male) |
| 26:09 | Build | Farm |
| 26:13 | Create | Villager (Male) |
| 26:20 | Build | Farm |
| 26:42 | Research | Imperial Age |
| 26:46 | Create | Villager (Male) |
| 26:58 | Build | Town Center |
| 27:03 | Build | Farm |
| 27:05 | Create | Villager (Male) |
| 27:06 | Create | Villager (Male) |
| 27:10 | Research | Gambesons |
| 27:17 | Research | Scale Mail Armor |
| 27:25 | Create | Villager (Male) |
| 27:43 | Research | Man-at-Arms (upgrade) |
| 28:11 | Build | Farm |
Build order — M.Zahd
First 150 of 267 actions detected
| 0:03 | Build | House |
| 0:04 | Build | House |
| 0:07 | Create | Villager (Male) ×4 |
| 0:44 | Research | Loom |
| 1:26 | Create | Villager (Male) |
| 1:55 | Create | Villager (Male) |
| 2:28 | Create | Villager (Male) |
| 4:08 | Build | Palisade Wall |
| 4:10 | Create | Villager (Male) ×3 |
| 4:33 | Create | Villager (Male) |
| 4:46 | Build | Lumber Camp |
| 5:03 | Create | Villager (Male) |
| 5:36 | Build | House |
| 6:03 | Create | Villager (Male) |
| 6:12 | Build | House |
| 6:14 | Build | House |
| 6:42 | Create | Villager (Male) |
| 7:22 | Create | Villager (Male) |
| 7:23 | Create | Villager (Male) |
| 7:55 | Build | Mill |
| 7:56 | Create | Villager (Male) |
| 8:47 | Create | Villager (Male) |
| 8:48 | Create | Villager (Male) |
| 8:50 | Create | Villager (Male) |
| 8:50 | Create | Villager (Male) |
| 8:51 | Create | Villager (Male) |
| 9:43 | Build | Lumber Camp |
| 9:45 | Create | Villager (Male) |
| 10:30 | Build | Mill |
| 11:09 | Create | Villager (Male) |
| 11:35 | Build | Mining Camp |
| 11:36 | Create | Villager (Male) |
| 11:44 | Build | House |
| 11:45 | Build | House |
| 11:47 | Build | House |
| 11:54 | Research | Feudal Age |
| 13:02 | Create | Villager (Male) |
| 13:02 | Create | Villager (Male) |
| 14:17 | Age | Feudal Age |
| 14:33 | Build | Market |
| 14:43 | Build | Blacksmith |
| 14:47 | Build | House |
| 14:48 | Build | House |
| 14:49 | Build | House |
| 14:50 | Build | House |
| 15:02 | Research | Double-Bit Axe |
| 15:09 | Build | Stone Wall |
| 15:14 | Create | Villager (Male) |
| 15:21 | Research | Horse Collar |
| 15:31 | Create | Villager (Male) |
| 15:38 | Research | Castle Age |
| 15:50 | Build | Farm |
| 15:51 | Build | Farm |
| 15:51 | Build | Farm |
| 15:52 | Build | Farm |
| 15:52 | Build | Farm |
| 16:05 | Build | Farm |
| 16:40 | Build | Farm |
| 16:44 | Build | Farm |
| 16:51 | Research | Wheelbarrow |
| 17:59 | Build | Mining Camp |
| 18:00 | Research | Stone Mining |
| 18:19 | Build | Building 487 |
| 18:26 | Build | Stone Wall |
| 18:30 | Build | Building 487 |
| 18:44 | Age | Castle Age |
| 19:07 | Build | Farm |
| 19:07 | Build | Farm |
| 19:07 | Build | Farm |
| 19:08 | Build | Farm |
| 19:08 | Build | Farm |
| 19:09 | Build | Farm |
| 19:09 | Build | Farm |
| 19:09 | Build | Farm |
| 19:14 | Build | Farm |
| 19:38 | Build | Farm |
| 19:48 | Create | Villager (Male) |
| 19:48 | Create | Villager (Male) |
| 20:33 | Create | Villager (Male) |
| 20:47 | Research | Gold Mining |
| 20:56 | Create | Villager (Male) |
| 21:20 | Create | Villager (Male) |
| 21:25 | Research | Bow Saw |
| 21:56 | Create | Villager (Male) |
| 22:10 | Create | Villager (Male) |
| 22:14 | Research | Gold Shaft Mining |
| 22:26 | Research | Heavy Plow |
| 22:32 | Create | Villager (Male) |
| 23:11 | Create | Villager (Male) |
| 23:40 | Build | Castle |
| 23:44 | Build | Mining Camp |
| 23:45 | Create | Villager (Male) |
| 23:46 | Create | Villager (Male) |
| 23:58 | Build | Town Center |
| 24:17 | Create | Villager (Male) |
| 24:35 | Create | Villager (Male) |
| 24:59 | Build | Town Center |
| 25:07 | Create | Villager (Male) |
| 25:30 | Build | Barracks |
| 25:46 | Build | Barracks |
| 25:50 | Research | Imperial Age |
| 26:01 | Create | Villager (Male) |
| 26:02 | Create | Villager (Male) |
| 26:03 | Create | Villager (Male) |
| 26:32 | Research | Fletching |
| 26:33 | Research | Padded Archer Armor |
| 26:42 | Build | University |
| 26:44 | Build | House |
| 26:47 | Build | House |
| 26:50 | Build | House |
| 26:58 | Create | Villager (Male) |
| 26:58 | Create | Villager (Male) |
| 26:59 | Create | Villager (Male) |
| 26:59 | Create | Villager (Male) |
| 27:23 | Build | Mining Camp |
| 27:28 | Create | Villager (Male) |
| 27:43 | Research | Bodkin Arrow |
| 27:44 | Research | Leather Archer Armor |
| 27:49 | Create | Villager (Male) |
| 28:13 | Create | Villager (Male) |
| 28:13 | Create | Villager (Male) |
| 28:14 | Create | Villager (Male) |
| 28:30 | Create | Villager (Male) |
| 28:39 | Build | Market |
| 28:46 | Build | Market |
| 28:54 | Create | Villager (Male) |
| 28:55 | Create | Villager (Male) |
| 29:00 | Age | Imperial Age |
| 29:14 | Research | Bracer |
| 29:16 | Research | Ring Archer Armor |
| 29:24 | Research | Ballistics |
| 29:30 | Create | Villager (Male) |
| 29:36 | Create | Villager (Male) |
| 29:41 | Build | Mining Camp |
| 29:44 | Create | Villager (Male) |
| 29:57 | Create | Villager (Male) |
| 30:01 | Create | Villager (Male) |
| 30:09 | Build | Farm |
| 30:09 | Build | Farm |
| 30:10 | Build | Farm |
| 30:10 | Build | Farm |
| 30:13 | Create | Villager (Male) |
| 30:19 | Create | Villager (Male) |
| 30:24 | Build | Farm |
| 30:35 | Create | Villager (Male) |
| 30:43 | Create | Villager (Male) |
| 30:48 | Create | Villager (Male) |
| 30:54 | Create | Villager (Male) |
| 31:07 | Build | Castle |
| 31:13 | Create | Villager (Male) |
Build order — BubbleButt87
First 150 of 457 actions detected
| 0:03 | Research | Loom |
| 0:06 | Build | House |
| 0:06 | Build | House |
| 0:13 | Create | Villager (Male) |
| 0:13 | Create | Villager (Male) |
| 0:13 | Create | Villager (Male) |
| 0:13 | Create | Villager (Male) |
| 0:49 | Build | Palisade Wall |
| 2:28 | Create | Villager (Male) |
| 2:42 | Build | Palisade Wall |
| 2:47 | Create | Villager (Male) |
| 2:47 | Create | Villager (Male) |
| 3:24 | Create | Villager (Male) |
| 3:57 | Build | Lumber Camp |
| 4:08 | Create | Villager (Male) |
| 4:16 | Create | Villager (Male) |
| 4:49 | Create | Villager (Male) |
| 5:13 | Create | Villager (Male) |
| 5:25 | Create | Villager (Male) |
| 6:08 | Build | House |
| 6:13 | Create | Villager (Male) |
| 6:40 | Build | House |
| 6:50 | Create | Villager (Male) |
| 7:17 | Create | Villager (Male) |
| 7:36 | Create | Villager (Male) |
| 7:52 | Create | Villager (Male) |
| 8:16 | Create | Villager (Male) |
| 8:26 | Build | Mill |
| 9:34 | Build | Mill |
| 9:36 | Research | Feudal Age |
| 10:22 | Create | Villager (Male) |
| 10:38 | Build | Mining Camp |
| 11:46 | Age | Feudal Age |
| 11:47 | Research | Double-Bit Axe |
| 11:57 | Build | Stone Wall |
| 12:02 | Build | Stone Wall |
| 12:13 | Build | Stone Wall |
| 12:19 | Create | Villager (Male) |
| 12:19 | Create | Villager (Male) |
| 12:32 | Create | Villager (Male) |
| 12:56 | Create | Villager (Male) |
| 13:15 | Build | Blacksmith |
| 13:18 | Build | House |
| 13:40 | Build | House |
| 14:08 | Build | Mill |
| 14:16 | Create | Villager (Male) |
| 14:46 | Build | Market |
| 14:49 | Create | Villager (Male) |
| 14:51 | Build | Farm |
| 15:04 | Create | Villager (Male) |
| 15:20 | Build | Farm |
| 15:46 | Build | House |
| 16:45 | Research | Castle Age |
| 17:13 | Research | Gold Mining |
| 17:16 | Create | Villager (Male) |
| 17:35 | Build | Lumber Camp |
| 17:48 | Create | Villager (Male) |
| 18:16 | Build | Farm |
| 18:46 | Create | Villager (Male) |
| 18:48 | Create | Villager (Male) |
| 18:48 | Create | Villager (Male) |
| 19:14 | Create | Trade Cart |
| 19:14 | Create | Trade Cart |
| 19:25 | Age | Castle Age |
| 19:28 | Build | Town Center |
| 19:32 | Research | Horse Collar |
| 19:34 | Create | Villager (Male) |
| 19:36 | Research | Bow Saw |
| 19:40 | Create | Villager (Male) |
| 20:01 | Create | Villager (Male) |
| 20:05 | Build | Farm |
| 20:21 | Research | Heavy Plow |
| 20:26 | Build | Farm |
| 20:27 | Create | Villager (Male) |
| 20:45 | Create | Villager (Male) |
| 20:51 | Build | Farm |
| 21:13 | Build | Monastery |
| 21:19 | Create | Villager (Male) |
| 21:21 | Create | Villager (Male) |
| 21:24 | Build | Farm |
| 21:37 | Build | Farm |
| 21:45 | Create | Villager (Male) |
| 21:45 | Create | Villager (Male) |
| 22:02 | Build | Farm |
| 22:05 | Create | Villager (Male) |
| 22:27 | Build | House |
| 22:28 | Build | House |
| 22:43 | Research | Wheelbarrow |
| 22:56 | Create | Monk |
| 23:07 | Build | Town Center |
| 23:24 | Create | Villager (Male) |
| 23:24 | Create | Villager (Male) |
| 23:28 | Build | Farm |
| 23:31 | Build | Farm |
| 23:35 | Create | Trade Cart |
| 23:37 | Create | Villager (Male) |
| 23:41 | Create | Villager (Male) |
| 23:43 | Create | Villager (Male) |
| 23:43 | Create | Villager (Male) |
| 23:59 | Create | Villager (Male) |
| 24:00 | Create | Villager (Male) |
| 24:05 | Build | Mining Camp |
| 24:06 | Create | Villager (Male) |
| 24:11 | Create | Villager (Male) |
| 24:12 | Create | Villager (Male) |
| 24:32 | Create | Villager (Male) |
| 24:46 | Create | Villager (Male) |
| 24:49 | Create | Villager (Male) |
| 24:49 | Create | Villager (Male) |
| 25:02 | Create | Villager (Male) |
| 25:02 | Create | Villager (Male) |
| 25:23 | Build | House |
| 25:25 | Build | House |
| 25:25 | Build | House |
| 25:27 | Build | House |
| 25:31 | Create | Villager (Male) |
| 25:31 | Create | Villager (Male) |
| 25:53 | Research | Hand Cart |
| 26:10 | Create | Villager (Male) |
| 26:16 | Build | Lumber Camp |
| 26:19 | Create | Villager (Male) |
| 26:19 | Create | Villager (Male) |
| 26:34 | Build | University |
| 26:37 | Create | Villager (Male) |
| 26:37 | Create | Villager (Male) |
| 26:41 | Build | Farm |
| 27:07 | Create | Villager (Male) |
| 27:21 | Build | Barracks |
| 27:25 | Build | Farm |
| 27:35 | Create | Villager (Male) |
| 27:35 | Create | Villager (Male) |
| 27:51 | Build | Farm |
| 27:53 | Create | Villager (Male) |
| 27:56 | Build | Farm |
| 28:08 | Create | Villager (Male) |
| 28:08 | Create | Villager (Male) |
| 28:14 | Create | Villager (Male) |
| 28:44 | Build | Castle |
| 28:47 | Create | Villager (Male) |
| 28:48 | Create | Villager (Male) |
| 28:49 | Create | Villager (Male) |
| 28:57 | Build | Farm |
| 28:58 | Create | Villager (Male) |
| 28:58 | Create | Villager (Male) |
| 29:00 | Create | Villager (Male) |
| 29:00 | Create | Villager (Male) |
| 29:32 | Create | Villager (Male) |
| 29:33 | Create | Villager (Male) |
| 29:34 | Build | Farm |
| 29:47 | Create | Trade Cart |
Build order — KOMMEPCAHT
First 150 of 451 actions detected
| 0:02 | Create | Villager (Male) |
| 0:02 | Create | Villager (Male) |
| 0:03 | Create | Villager (Male) |
| 0:03 | Create | Villager (Male) |
| 0:04 | Build | House |
| 0:06 | Build | House |
| 1:26 | Create | Villager (Male) |
| 1:26 | Create | Villager (Male) |
| 1:50 | Create | Villager (Male) |
| 2:28 | Create | Villager (Male) |
| 2:28 | Create | Villager (Male) |
| 2:33 | Create | Villager (Male) |
| 2:56 | Create | Villager (Male) |
| 2:56 | Create | Villager (Male) |
| 3:25 | Build | House |
| 3:27 | Build | House |
| 3:27 | Build | House |
| 3:30 | Create | Villager (Male) |
| 3:47 | Build | House |
| 3:48 | Build | House |
| 4:00 | Create | Villager (Male) |
| 4:00 | Create | Villager (Male) |
| 4:01 | Create | Villager (Male) |
| 4:36 | Create | Villager (Male) |
| 5:05 | Create | Villager (Male) |
| 5:09 | Create | Villager (Male) |
| 5:32 | Build | Mill |
| 5:36 | Create | Villager (Male) |
| 5:56 | Create | Villager (Male) |
| 6:47 | Create | Villager (Male) |
| 7:15 | Create | Villager (Male) |
| 7:16 | Create | Villager (Male) |
| 7:37 | Build | Mule Cart |
| 7:41 | Create | Villager (Male) |
| 7:44 | Create | Villager (Male) |
| 7:54 | Research | Loom |
| 7:55 | Create | Villager (Male) |
| 8:52 | Create | Villager (Male) |
| 8:53 | Research | Feudal Age |
| 11:30 | Create | Villager (Male) |
| 11:30 | Create | Villager (Male) |
| 11:47 | Age | Feudal Age |
| 11:50 | Build | Market |
| 11:55 | Build | Blacksmith |
| 12:12 | Research | Horse Collar |
| 12:20 | Research | Double-Bit Axe |
| 12:47 | Research | Castle Age |
| 12:53 | Research | Horse Collar |
| 13:33 | Research | Wheelbarrow |
| 13:34 | Create | Villager (Male) |
| 14:06 | Build | Farm |
| 14:06 | Build | Farm |
| 14:06 | Build | Farm |
| 15:27 | Age | Castle Age |
| 15:33 | Build | Town Center |
| 15:36 | Build | Town Center |
| 16:10 | Build | Town Center |
| 16:14 | Create | Villager (Male) |
| 16:44 | Build | Farm |
| 16:47 | Build | Farm |
| 16:52 | Create | Villager (Male) |
| 16:52 | Create | Villager (Male) |
| 17:22 | Create | Villager (Male) |
| 17:22 | Create | Villager (Male) |
| 17:28 | Create | Villager (Male) |
| 17:29 | Create | Villager (Male) |
| 17:32 | Create | Villager (Male) |
| 17:36 | Create | Villager (Male) |
| 17:40 | Build | Farm |
| 17:41 | Build | Farm |
| 17:41 | Build | Farm |
| 17:43 | Build | Farm |
| 17:46 | Create | Villager (Male) |
| 17:49 | Build | Farm |
| 17:57 | Build | House |
| 17:58 | Build | House |
| 18:01 | Build | House |
| 18:05 | Build | House |
| 18:07 | Build | House |
| 18:09 | Create | Villager (Male) |
| 18:13 | Build | Farm |
| 18:36 | Create | Villager (Male) |
| 18:53 | Create | Villager (Male) |
| 18:55 | Create | Villager (Male) |
| 19:01 | Build | Farm |
| 19:01 | Build | Farm |
| 19:02 | Build | Farm |
| 19:04 | Build | Farm |
| 19:09 | Build | Farm |
| 19:09 | Build | Farm |
| 19:09 | Build | Farm |
| 19:10 | Build | Farm |
| 19:10 | Build | Farm |
| 19:12 | Create | Villager (Male) |
| 19:14 | Create | Villager (Male) |
| 19:14 | Create | Villager (Male) |
| 19:21 | Build | House |
| 19:27 | Build | House |
| 19:28 | Build | House |
| 19:31 | Create | Villager (Male) |
| 19:36 | Build | Farm |
| 19:44 | Build | Farm |
| 19:49 | Create | Villager (Male) |
| 19:49 | Create | Villager (Male) |
| 19:51 | Create | Villager (Male) |
| 20:04 | Build | Farm |
| 20:06 | Create | Villager (Male) |
| 20:11 | Create | Villager (Male) |
| 20:13 | Create | Villager (Male) |
| 20:20 | Create | Villager (Male) |
| 20:20 | Create | Villager (Male) |
| 20:23 | Build | Farm |
| 20:24 | Build | Farm |
| 20:32 | Build | Farm |
| 20:32 | Build | Farm |
| 20:33 | Build | Farm |
| 20:35 | Create | Villager (Male) |
| 20:35 | Create | Villager (Male) |
| 20:44 | Build | Farm |
| 20:51 | Create | Villager (Male) |
| 20:52 | Create | Villager (Male) |
| 20:52 | Create | Villager (Male) |
| 20:52 | Create | Villager (Male) |
| 21:01 | Build | Farm |
| 21:02 | Create | Villager (Male) |
| 21:03 | Create | Villager (Male) |
| 21:05 | Create | Villager (Male) |
| 21:39 | Create | Villager (Male) |
| 21:39 | Create | Villager (Male) |
| 21:39 | Create | Villager (Male) |
| 21:40 | Create | Villager (Male) |
| 21:40 | Create | Villager (Male) |
| 21:43 | Create | Villager (Male) |
| 21:43 | Create | Villager (Male) |
| 21:44 | Create | Villager (Male) |
| 21:48 | Build | Farm |
| 21:51 | Build | Farm |
| 22:04 | Build | Town Center |
| 22:07 | Create | Villager (Male) |
| 22:07 | Create | Villager (Male) |
| 22:07 | Create | Villager (Male) |
| 22:12 | Create | Villager (Male) |
| 22:15 | Create | Villager (Male) |
| 22:26 | Build | Farm |
| 22:26 | Build | Farm |
| 22:27 | Build | Farm |
| 22:40 | Build | Farm |
| 22:41 | Create | Villager (Male) |
| 22:41 | Create | Villager (Male) |
| 22:42 | Create | Villager (Male) |
Build order — johansoderstrom1
First 150 of 318 actions detected
| 0:01 | Create | Villager (Male) |
| 0:02 | Create | Villager (Male) |
| 0:02 | Create | Villager (Male) |
| 0:02 | Create | Villager (Male) |
| 0:04 | Build | House |
| 0:06 | Build | House |
| 0:36 | Research | Loom |
| 1:52 | Create | Villager (Male) |
| 2:23 | Create | Villager (Male) |
| 2:24 | Create | Villager (Male) |
| 2:40 | Create | Villager (Male) |
| 2:44 | Build | Lumber Camp |
| 3:21 | Create | Villager (Male) |
| 3:45 | Create | Villager (Male) |
| 3:51 | Build | House |
| 4:00 | Create | Villager (Male) |
| 4:16 | Create | Villager (Male) |
| 4:49 | Create | Villager (Male) |
| 5:06 | Create | Villager (Male) |
| 5:49 | Create | Villager (Male) |
| 6:30 | Create | Villager (Male) |
| 6:30 | Create | Villager (Male) |
| 6:30 | Create | Villager (Male) |
| 6:31 | Create | Villager (Male) |
| 6:31 | Create | Villager (Male) |
| 6:53 | Build | House |
| 6:55 | Build | House |
| 7:05 | Create | Villager (Male) |
| 7:05 | Create | Villager (Male) |
| 7:05 | Create | Villager (Male) |
| 7:13 | Build | Mill |
| 7:25 | Create | Villager (Male) |
| 7:56 | Create | Villager (Male) |
| 7:57 | Create | Villager (Male) |
| 8:13 | Create | Villager (Male) |
| 9:08 | Build | Mining Camp |
| 9:23 | Research | Feudal Age |
| 10:32 | Build | Farm |
| 10:36 | Build | Farm |
| 10:40 | Build | Farm |
| 10:59 | Create | Villager (Male) |
| 10:59 | Create | Villager (Male) |
| 11:47 | Age | Feudal Age |
| 11:56 | Build | Market |
| 12:14 | Build | Blacksmith |
| 12:33 | Build | Farm |
| 12:53 | Research | Castle Age |
| 12:57 | Build | Lumber Camp |
| 13:15 | Build | House |
| 13:23 | Build | House |
| 13:25 | Build | House |
| 13:27 | Build | House |
| 13:28 | Build | House |
| 13:50 | Build | Farm |
| 13:58 | Research | Double-Bit Axe |
| 14:55 | Create | Villager (Male) |
| 14:56 | Create | Villager (Male) |
| 14:56 | Create | Villager (Male) |
| 14:56 | Create | Villager (Male) |
| 15:33 | Age | Castle Age |
| 15:39 | Build | Town Center |
| 15:53 | Build | Town Center |
| 16:00 | Create | Villager (Male) |
| 16:00 | Create | Villager (Male) |
| 16:00 | Create | Villager (Male) |
| 16:01 | Create | Villager (Male) |
| 16:07 | Build | Farm |
| 16:26 | Build | Farm |
| 16:52 | Build | Farm |
| 17:02 | Create | Villager (Male) |
| 17:03 | Create | Villager (Male) |
| 17:06 | Create | Villager (Male) |
| 17:14 | Create | Villager (Male) |
| 17:22 | Build | Farm |
| 17:28 | Create | Villager (Male) ×3 |
| 17:46 | Build | Farm |
| 17:47 | Create | Villager (Male) |
| 18:06 | Create | Villager (Male) ×2 |
| 18:10 | Build | Farm |
| 18:24 | Build | House |
| 18:26 | Build | House |
| 18:26 | Build | House |
| 18:27 | Build | House |
| 18:32 | Build | Farm |
| 18:33 | Create | Villager (Male) |
| 18:34 | Create | Villager (Male) |
| 18:40 | Build | Farm |
| 18:42 | Build | Farm |
| 18:49 | Create | Villager (Male) |
| 18:50 | Create | Villager (Male) |
| 18:59 | Create | Villager (Male) |
| 19:05 | Build | Farm |
| 19:31 | Build | Town Center |
| 19:37 | Create | Villager (Male) |
| 19:37 | Create | Villager (Male) |
| 19:38 | Create | Villager (Male) |
| 19:38 | Create | Villager (Male) |
| 19:48 | Build | Farm |
| 19:53 | Build | Farm |
| 19:59 | Build | Farm |
| 20:04 | Create | Villager (Male) |
| 20:04 | Create | Villager (Male) |
| 20:37 | Build | Farm |
| 20:39 | Build | Farm |
| 20:44 | Create | Villager (Male) ×4 |
| 20:44 | Create | Villager (Male) ×4 |
| 20:50 | Build | Farm |
| 20:51 | Build | Farm |
| 20:52 | Build | Farm |
| 20:54 | Build | Farm |
| 21:01 | Create | Villager (Male) ×2 |
| 21:03 | Create | Villager (Male) |
| 21:06 | Build | House |
| 21:07 | Build | House |
| 21:08 | Build | House |
| 21:09 | Build | House |
| 21:11 | Build | House |
| 21:12 | Build | House |
| 21:26 | Build | Monastery |
| 21:35 | Research | Bow Saw |
| 21:44 | Build | Farm |
| 21:48 | Build | Farm |
| 21:51 | Create | Villager (Male) ×2 |
| 21:59 | Build | Farm |
| 22:00 | Create | Monk |
| 22:12 | Create | Villager (Male) ×4 |
| 22:26 | Build | Farm |
| 22:35 | Create | Villager (Male) |
| 22:53 | Build | Market |
| 22:54 | Build | Market |
| 23:03 | Build | Farm |
| 23:11 | Create | Villager (Male) ×5 |
| 23:11 | Create | Villager (Male) ×5 |
| 23:23 | Create | Monk |
| 23:32 | Create | Villager (Male) |
| 23:32 | Create | Villager (Male) |
| 23:33 | Create | Villager (Male) |
| 23:45 | Research | Wheelbarrow |
| 23:49 | Build | Farm |
| 23:51 | Build | Farm |
| 23:52 | Build | Farm |
| 23:56 | Create | Villager (Male) ×2 |
| 24:04 | Build | House |
| 24:05 | Build | House |
| 24:07 | Build | House |
| 24:08 | Build | House |
| 24:28 | Create | Villager (Male) ×5 |
| 24:29 | Create | Villager (Male) |
| 24:32 | Create | Monk |
| 24:56 | Create | Villager (Male) |
Build order — Honey Badger
First 150 of 287 actions detected
| 0:01 | Create | Villager (Male) |
| 0:01 | Create | Villager (Male) |
| 0:03 | Build | House |
| 0:04 | Build | House |
| 0:06 | Build | House |
| 0:07 | Build | Outpost |
| 0:17 | Create | Villager (Male) |
| 0:17 | Create | Villager (Male) |
| 1:01 | Build | House |
| 1:14 | Build | House |
| 1:41 | Research | Loom |
| 1:42 | Create | Villager (Male) |
| 2:24 | Create | Villager (Male) |
| 2:24 | Create | Villager (Male) |
| 2:34 | Build | House |
| 2:44 | Build | House |
| 2:46 | Build | House |
| 2:51 | Create | Villager (Male) |
| 3:29 | Create | Villager (Male) |
| 3:29 | Create | Villager (Male) |
| 4:21 | Create | Villager (Male) |
| 4:22 | Create | Villager (Male) |
| 5:46 | Create | Villager (Male) |
| 5:46 | Create | Villager (Male) |
| 5:47 | Create | Villager (Male) |
| 6:18 | Build | Mining Camp |
| 6:40 | Build | Lumber Camp |
| 7:08 | Create | Villager (Male) |
| 7:08 | Create | Villager (Male) |
| 7:08 | Create | Villager (Male) |
| 7:30 | Create | Villager (Male) |
| 7:30 | Create | Villager (Male) |
| 8:44 | Build | Mill |
| 8:48 | Create | Villager (Male) |
| 8:50 | Create | Villager (Male) |
| 8:50 | Create | Villager (Male) |
| 8:50 | Create | Villager (Male) |
| 8:50 | Create | Villager (Male) |
| 8:51 | Create | Villager (Male) |
| 9:34 | Build | Mill |
| 9:53 | Create | Villager (Male) |
| 9:53 | Create | Villager (Male) |
| 9:54 | Create | Villager (Male) |
| 9:54 | Create | Villager (Male) |
| 9:54 | Create | Villager (Male) |
| 11:18 | Create | Villager (Male) |
| 11:41 | Research | Feudal Age |
| 12:02 | Create | Villager (Male) |
| 12:03 | Create | Villager (Male) |
| 12:31 | Build | Mining Camp |
| 12:42 | Build | Mining Camp |
| 13:53 | Age | Feudal Age |
| 13:59 | Build | Market |
| 14:11 | Build | Blacksmith |
| 14:35 | Build | Lumber Camp |
| 15:18 | Research | Castle Age |
| 15:31 | Build | Farm |
| 15:33 | Build | Farm |
| 15:34 | Build | Farm |
| 15:36 | Build | Farm |
| 15:44 | Build | Farm |
| 15:45 | Build | Farm |
| 15:48 | Build | Farm |
| 15:57 | Research | Double-Bit Axe |
| 16:15 | Build | Building 490 |
| 16:18 | Build | Stone Wall |
| 16:20 | Build | Stone Wall |
| 16:22 | Build | Stone Wall |
| 16:28 | Build | Stone Wall |
| 16:34 | Build | Stone Wall |
| 17:08 | Build | Building 673 |
| 17:58 | Age | Castle Age |
| 18:03 | Build | Town Center |
| 18:10 | Build | Town Center |
| 18:18 | Research | Bow Saw |
| 18:44 | Build | Town Center |
| 19:08 | Create | Villager (Male) |
| 19:09 | Create | Villager (Male) |
| 19:25 | Research | Horse Collar |
| 19:28 | Create | Villager (Male) |
| 19:28 | Create | Villager (Male) |
| 19:49 | Create | Villager (Male) |
| 19:50 | Create | Villager (Male) |
| 19:57 | Create | Villager (Male) ×5 |
| 19:58 | Create | Villager (Male) ×2 |
| 20:24 | Build | Monastery |
| 20:44 | Create | Villager (Male) ×2 |
| 20:44 | Create | Villager (Male) ×2 |
| 21:02 | Build | Farm |
| 21:03 | Build | Farm |
| 21:05 | Create | Monk |
| 21:18 | Build | Stone Wall |
| 21:25 | Build | University |
| 21:29 | Create | Villager (Male) ×3 |
| 21:29 | Create | Villager (Male) |
| 21:35 | Build | Farm |
| 21:42 | Create | Villager (Male) ×5 |
| 21:57 | Create | Monk |
| 22:30 | Build | Market |
| 22:36 | Create | Villager (Male) ×3 |
| 22:36 | Create | Villager (Male) |
| 23:14 | Build | House |
| 23:15 | Build | House |
| 23:16 | Build | House |
| 23:17 | Build | House |
| 23:18 | Build | House |
| 23:20 | Build | House |
| 23:21 | Build | House |
| 23:22 | Build | House |
| 23:30 | Create | Villager (Male) ×5 |
| 23:30 | Create | Villager (Male) ×4 |
| 23:43 | Research | Wheelbarrow |
| 24:24 | Create | Villager (Male) ×2 |
| 24:37 | Build | Farm |
| 24:38 | Build | Farm |
| 24:39 | Build | Farm |
| 24:40 | Build | Farm |
| 24:47 | Build | Farm |
| 24:48 | Build | Farm |
| 24:49 | Build | Farm |
| 24:52 | Build | Farm |
| 24:58 | Build | Farm |
| 25:12 | Build | Farm |
| 25:16 | Build | Farm |
| 25:17 | Build | Farm |
| 25:20 | Research | Heavy Plow |
| 25:23 | Research | Town Watch |
| 25:54 | Research | Caravan |
| 26:18 | Create | Trade Cart ×5 |
| 26:18 | Create | Trade Cart ×5 |
| 26:20 | Create | Trade Cart ×5 |
| 26:28 | Build | Farm |
| 26:31 | Build | Farm |
| 26:43 | Build | Farm |
| 26:46 | Build | Farm |
| 26:51 | Build | Farm |
| 26:54 | Build | Farm |
| 26:57 | Research | Hand Cart |
| 26:58 | Create | Villager (Male) ×2 |
| 27:12 | Build | Siege Workshop |
| 27:17 | Build | Siege Workshop |
| 27:19 | Build | Siege Workshop |
| 27:21 | Build | Siege Workshop |
| 27:23 | Build | Siege Workshop |
| 27:29 | Build | Siege Workshop |
| 27:33 | Build | Siege Workshop |
| 27:36 | Research | Gold Mining |
| 27:47 | Build | House |
| 27:48 | Build | House |
| 27:49 | Build | House |
Build order — ۞_KDZ_۞
First 150 of 443 actions detected
| 0:03 | Create | Villager (Male) ×4 |
| 0:05 | Build | House |
| 0:06 | Build | House |
| 1:27 | Create | Villager (Male) |
| 1:28 | Create | Villager (Male) |
| 1:57 | Build | Palisade Wall |
| 1:59 | Build | Palisade Wall |
| 2:01 | Create | Villager (Male) |
| 2:13 | Research | Loom |
| 2:15 | Create | Villager (Male) |
| 2:22 | Build | Palisade Wall |
| 2:29 | Create | Villager (Male) |
| 3:24 | Create | Villager (Male) |
| 3:25 | Create | Villager (Male) |
| 3:44 | Build | Palisade Wall |
| 3:46 | Build | Palisade Wall |
| 3:48 | Build | Palisade Wall |
| 3:50 | Build | Palisade Wall |
| 3:58 | Create | Villager (Male) |
| 4:03 | Build | Palisade Wall |
| 4:05 | Build | Palisade Wall |
| 4:25 | Build | Palisade Wall |
| 4:29 | Build | Palisade Wall |
| 4:33 | Create | Villager (Male) |
| 4:51 | Build | House |
| 4:55 | Create | Villager (Male) |
| 4:55 | Create | Villager (Male) |
| 5:15 | Build | Palisade Wall |
| 5:20 | Build | Palisade Wall |
| 5:36 | Create | Villager (Male) |
| 6:10 | Create | Villager (Male) |
| 6:10 | Create | Villager (Male) |
| 6:33 | Build | Lumber Camp |
| 6:44 | Create | Villager (Male) |
| 7:07 | Build | House |
| 7:16 | Create | Villager (Male) |
| 7:17 | Create | Villager (Male) |
| 7:17 | Create | Villager (Male) |
| 7:39 | Build | House |
| 7:48 | Create | Villager (Male) |
| 8:04 | Create | Villager (Male) |
| 8:54 | Build | Mill |
| 9:23 | Create | Villager (Male) |
| 9:50 | Build | Farm |
| 9:50 | Build | Farm |
| 9:55 | Create | Villager (Male) |
| 10:07 | Build | Lumber Camp |
| 10:21 | Create | Villager (Male) |
| 10:30 | Build | Mining Camp |
| 10:37 | Create | Villager (Male) |
| 10:48 | Research | Feudal Age |
| 10:52 | Create | Villager (Male) |
| 11:12 | Build | Palisade Wall |
| 11:16 | Build | Palisade Wall |
| 11:18 | Build | Palisade Wall |
| 11:29 | Build | Farm |
| 11:29 | Build | Farm |
| 11:41 | Build | Farm |
| 11:52 | Build | Farm |
| 11:57 | Create | Villager (Male) |
| 12:19 | Build | Farm |
| 12:21 | Build | Farm |
| 12:35 | Build | House |
| 12:36 | Build | House |
| 13:01 | Age | Feudal Age |
| 13:03 | Research | Double-Bit Axe |
| 13:05 | Research | Horse Collar |
| 13:40 | Build | Farm |
| 13:40 | Build | Farm |
| 14:08 | Create | Villager (Male) |
| 14:09 | Create | Villager (Male) |
| 14:15 | Build | Farm |
| 14:24 | Create | Villager (Male) |
| 14:41 | Build | Palisade Wall |
| 14:59 | Build | Mill |
| 15:17 | Create | Villager (Male) |
| 15:21 | Research | Wheelbarrow |
| 15:57 | Build | Blacksmith |
| 16:01 | Build | Market |
| 16:14 | Create | Villager (Male) |
| 16:55 | Research | Castle Age |
| 17:42 | Build | Lumber Camp |
| 17:54 | Build | Outpost |
| 18:13 | Build | Outpost |
| 18:15 | Build | Outpost |
| 18:21 | Create | Villager (Male) |
| 18:48 | Create | Villager (Male) |
| 19:44 | Age | Castle Age |
| 19:50 | Build | Town Center |
| 20:07 | Build | Town Center |
| 20:11 | Create | Villager (Male) |
| 20:11 | Create | Villager (Male) |
| 20:16 | Research | Bow Saw |
| 20:18 | Research | Heavy Plow |
| 20:20 | Research | Hand Cart |
| 20:24 | Create | Villager (Male) |
| 21:12 | Build | Town Center |
| 21:15 | Create | Villager (Male) |
| 21:15 | Create | Villager (Male) |
| 21:21 | Create | Villager (Male) |
| 21:21 | Create | Villager (Male) |
| 21:26 | Build | Farm |
| 21:26 | Build | Farm |
| 21:26 | Build | Farm |
| 21:31 | Create | Villager (Male) |
| 21:31 | Create | Villager (Male) |
| 21:33 | Build | Farm |
| 21:33 | Build | Farm |
| 21:43 | Build | Farm |
| 21:43 | Build | Farm |
| 21:43 | Build | Farm |
| 21:43 | Build | Farm |
| 21:47 | Build | Farm |
| 21:51 | Build | Farm |
| 22:02 | Build | Farm |
| 22:02 | Build | Farm |
| 22:02 | Build | Farm |
| 22:03 | Build | Farm |
| 22:11 | Build | Farm |
| 22:15 | Build | Farm |
| 22:41 | Create | Villager (Male) |
| 22:41 | Create | Villager (Male) |
| 22:41 | Create | Villager (Male) |
| 22:42 | Create | Villager (Male) |
| 22:49 | Build | Barracks |
| 22:55 | Create | Villager (Male) |
| 22:55 | Create | Villager (Male) |
| 23:00 | Create | Villager (Male) |
| 23:00 | Create | Villager (Male) |
| 23:01 | Create | Villager (Male) |
| 23:14 | Build | Stone Wall |
| 23:20 | Build | Stone Wall |
| 23:21 | Build | Stone Wall |
| 23:23 | Create | Villager (Male) |
| 23:23 | Create | Villager (Male) |
| 23:24 | Create | Villager (Male) |
| 23:33 | Build | Mining Camp |
| 23:38 | Build | Farm |
| 23:39 | Build | Farm |
| 23:39 | Build | Farm |
| 23:43 | Create | Villager (Male) |
| 23:43 | Create | Villager (Male) |
| 23:52 | Build | Farm |
| 23:54 | Create | Villager (Male) |
| 23:54 | Create | Villager (Male) |
| 23:54 | Create | Villager (Male) |
| 24:01 | Build | Farm |
| 24:01 | Build | Farm |
| 24:04 | Create | Villager (Male) |
| 24:04 | Create | Villager (Male) |
Build order — Jarp_33
First 150 of 763 actions detected
| 0:01 | Create | Villager (Male) |
| 0:02 | Create | Villager (Male) |
| 0:02 | Create | Villager (Male) |
| 0:03 | Build | House |
| 0:06 | Build | House |
| 0:36 | Create | Villager (Male) |
| 1:36 | Create | Villager (Male) |
| 1:47 | Build | Lumber Camp |
| 1:52 | Create | Villager (Male) |
| 2:47 | Create | Villager (Male) |
| 2:53 | Create | Villager (Male) |
| 2:54 | Create | Villager (Male) |
| 2:54 | Create | Villager (Male) |
| 3:13 | Build | House |
| 3:14 | Build | House |
| 3:38 | Create | Villager (Male) |
| 4:21 | Create | Villager (Male) |
| 4:21 | Create | Villager (Male) |
| 4:43 | Create | Villager (Male) |
| 4:43 | Create | Villager (Male) |
| 4:45 | Research | Loom |
| 5:18 | Create | Villager (Male) |
| 5:18 | Create | Villager (Male) |
| 5:18 | Create | Villager (Male) |
| 5:18 | Create | Villager (Male) |
| 5:54 | Create | Villager (Male) |
| 5:54 | Create | Villager (Male) |
| 6:18 | Create | Villager (Male) |
| 6:19 | Create | Villager (Male) |
| 6:57 | Create | Villager (Male) |
| 7:05 | Build | Mill |
| 7:18 | Create | Villager (Male) |
| 7:27 | Create | Villager (Male) |
| 8:04 | Create | Villager (Male) |
| 8:26 | Research | Feudal Age |
| 8:33 | Create | Villager (Male) |
| 8:34 | Create | Villager (Male) |
| 8:40 | Build | Farm |
| 8:46 | Build | Mining Camp |
| 9:01 | Build | House |
| 9:02 | Build | House |
| 9:04 | Build | House |
| 10:20 | Build | Farm |
| 10:32 | Build | Farm |
| 10:39 | Build | Farm |
| 10:45 | Build | Farm |
| 10:48 | Age | Feudal Age |
| 10:55 | Create | Villager (Male) |
| 10:58 | Research | Horse Collar |
| 11:03 | Research | Double-Bit Axe |
| 11:36 | Create | Villager (Male) |
| 11:46 | Create | Villager (Male) |
| 11:59 | Research | Gold Mining |
| 11:59 | Research | Stone Mining |
| 12:08 | Build | Mining Camp |
| 12:16 | Create | Villager (Male) |
| 12:53 | Create | Villager (Male) |
| 13:05 | Create | Villager (Male) |
| 13:41 | Create | Villager (Male) |
| 14:08 | Create | Villager (Male) |
| 14:11 | Build | Farm |
| 14:19 | Create | Villager (Male) |
| 14:27 | Build | Farm |
| 14:30 | Build | Farm |
| 14:34 | Build | Farm |
| 14:37 | Build | Farm |
| 14:40 | Create | Villager (Male) |
| 14:45 | Build | Farm |
| 15:01 | Build | Farm |
| 15:16 | Create | Villager (Male) |
| 15:26 | Build | Farm |
| 15:46 | Create | Villager (Male) |
| 15:51 | Build | Farm |
| 16:13 | Create | Villager (Male) |
| 16:18 | Build | Farm |
| 16:24 | Build | House |
| 16:26 | Build | House |
| 16:27 | Build | House |
| 16:29 | Build | House |
| 16:51 | Build | Farm |
| 18:02 | Build | Blacksmith |
| 18:06 | Build | Market |
| 18:45 | Research | Castle Age |
| 18:45 | Research | Castle Age |
| 20:18 | Build | Outpost |
| 20:27 | Build | Outpost |
| 21:25 | Age | Castle Age |
| 21:37 | Create | Villager (Male) |
| 21:44 | Build | Town Center |
| 21:58 | Build | Town Center |
| 22:00 | Create | Villager (Male) |
| 22:04 | Build | Farm |
| 22:07 | Research | Heavy Plow |
| 22:08 | Research | Bow Saw |
| 22:35 | Build | Town Center |
| 22:38 | Create | Villager (Male) |
| 22:39 | Create | Villager (Male) |
| 22:39 | Create | Villager (Male) |
| 22:49 | Create | Villager (Male) |
| 23:07 | Create | Villager (Male) |
| 23:07 | Create | Villager (Male) |
| 23:09 | Research | Wheelbarrow |
| 23:10 | Create | Villager (Male) |
| 23:11 | Create | Villager (Male) |
| 23:22 | Create | Villager (Male) |
| 23:22 | Create | Villager (Male) |
| 24:06 | Build | Farm |
| 24:09 | Create | Villager (Male) |
| 24:10 | Create | Villager (Male) |
| 24:10 | Create | Villager (Male) |
| 24:17 | Build | House |
| 24:18 | Build | House |
| 24:20 | Build | House |
| 24:21 | Build | House |
| 24:22 | Build | House |
| 24:24 | Build | House |
| 24:24 | Build | House |
| 24:31 | Build | Farm |
| 25:00 | Build | Castle |
| 25:03 | Build | Farm |
| 25:16 | Build | Monastery |
| 25:41 | Build | University |
| 25:44 | Create | Villager (Male) |
| 25:45 | Create | Villager (Male) |
| 25:45 | Create | Villager (Male) |
| 25:45 | Create | Villager (Male) |
| 25:45 | Create | Villager (Male) |
| 26:00 | Create | Villager (Male) |
| 26:13 | Research | Town Watch |
| 26:17 | Create | Monk |
| 26:20 | Build | Farm |
| 26:30 | Research | Hand Cart |
| 26:42 | Research | Town Patrol |
| 26:45 | Research | Imperial Age |
| 26:45 | Research | Imperial Age |
| 26:45 | Research | Imperial Age |
| 26:55 | Build | Farm |
| 26:56 | Create | Villager (Male) |
| 26:56 | Create | Villager (Male) |
| 26:56 | Create | Villager (Male) |
| 26:57 | Create | Villager (Male) |
| 26:57 | Create | Villager (Male) |
| 26:57 | Create | Villager (Male) |
| 26:57 | Create | Villager (Male) |
| 27:21 | Create | Villager (Male) |
| 27:48 | Build | Siege Workshop |
| 27:54 | Research | Ballistics |
| 28:10 | Create | Villager (Male) |
| 28:11 | Create | Villager (Male) |
| 28:11 | Create | Villager (Male) |
Match timeline
| 0:49 | BubbleButt87 · wall_segment Palisade Wall x11 |
| 1:27 | bryant200120 · wall_segment Palisade Wall x12 |
| 1:57 | ۞_KDZ_۞ · wall_segment Palisade Wall x7 |
| 1:59 | ۞_KDZ_۞ · wall_segment Palisade Wall x3 |
| 2:22 | ۞_KDZ_۞ · wall_segment Palisade Wall x12 |
| 2:42 | BubbleButt87 · wall_segment Palisade Wall x6 |
| 3:44 | ۞_KDZ_۞ · wall_segment Palisade Wall x1 |
| 3:46 | ۞_KDZ_۞ · wall_segment Palisade Wall x1 |
| 3:48 | ۞_KDZ_۞ · wall_segment Palisade Wall x1 |
| 3:50 | ۞_KDZ_۞ · wall_segment Palisade Wall x1 |
| 4:03 | ۞_KDZ_۞ · wall_segment Palisade Wall x1 |
| 4:05 | ۞_KDZ_۞ · wall_segment Palisade Wall x5 |
| 4:08 | M.Zahd · wall_segment Palisade Wall x13 |
| 4:25 | ۞_KDZ_۞ · wall_segment Palisade Wall x3 |
| 4:29 | ۞_KDZ_۞ · wall_segment Palisade Wall x6 |
| 5:15 | ۞_KDZ_۞ · wall_segment Palisade Wall x1 |
| 5:20 | ۞_KDZ_۞ · wall_segment Palisade Wall x1 |
| 10:48 | Jarp_33 · age_up feudal |
| 11:12 | ۞_KDZ_۞ · wall_segment Palisade Wall x5 |
| 11:16 | ۞_KDZ_۞ · wall_segment Palisade Wall x2 |
| 11:18 | ۞_KDZ_۞ · wall_segment Palisade Wall x3 |
| 11:46 | BubbleButt87 · age_up feudal |
| 11:47 | johansoderstrom1 · age_up feudal |
| 11:47 | KOMMEPCAHT · age_up feudal |
| 11:57 | BubbleButt87 · wall_segment Stone Wall x3 |
| 12:02 | BubbleButt87 · wall_segment Stone Wall x9 |
| 12:13 | BubbleButt87 · wall_segment Stone Wall x5 |
| 12:21 | bryant200120 · age_up feudal |
| 13:01 | ۞_KDZ_۞ · age_up feudal |
| 13:53 | Honey Badger · age_up feudal |
| 14:17 | M.Zahd · age_up feudal |
| 14:41 | ۞_KDZ_۞ · wall_segment Palisade Wall x1 |
| 15:09 | M.Zahd · wall_segment Stone Wall x13 |
| 15:27 | KOMMEPCAHT · age_up castle |
| 15:33 | johansoderstrom1 · age_up castle |
| 15:56 | KOMMEPCAHT · first_market_sell 100 wood |
| 15:58 | KOMMEPCAHT · first_market_buy 100 stone |
| 16:18 | Honey Badger · wall_segment Stone Wall x1 |
| 16:20 | Honey Badger · wall_segment Stone Wall x1 |
| 16:22 | Honey Badger · wall_segment Stone Wall x1 |
| 16:26 | bryant200120 · first_building Barracks |
| 16:28 | Honey Badger · wall_segment Stone Wall x4 |
| 16:34 | Honey Badger · wall_segment Stone Wall x1 |
| 17:53 | bryant200120 · age_up castle |
| 17:58 | Honey Badger · age_up castle |
| 18:26 | M.Zahd · wall_segment Stone Wall x13 |
| 18:42 | bryant200120 · wall_segment Stone Wall x12 |
| 18:44 | M.Zahd · age_up castle |
| 19:23 | johansoderstrom1 · first_market_buy 100 stone |
| 19:25 | BubbleButt87 · age_up castle |
| 19:44 | ۞_KDZ_۞ · age_up castle |
| 19:56 | bryant200120 · first_building Siege Workshop |
| 20:02 | ۞_KDZ_۞ · first_market_buy 100 stone |
| 20:19 | bryant200120 · first_market_buy 100 food |
| 20:24 | Honey Badger · first_building Monastery |
| 21:13 | BubbleButt87 · first_building Monastery |
| 21:18 | Honey Badger · wall_segment Stone Wall x1 |
| 21:25 | Jarp_33 · age_up castle |
| 21:26 | johansoderstrom1 · first_building Monastery |
| 21:27 | bryant200120 · first_building Monastery |
| 22:39 | ۞_KDZ_۞ · first_market_sell 100 wood |
| 22:49 | ۞_KDZ_۞ · first_building Barracks |
| 22:52 | bryant200120 · first_building Castle |
| 23:14 | ۞_KDZ_۞ · wall_segment Stone Wall x3 |
| 23:20 | ۞_KDZ_۞ · wall_segment Stone Wall x12 |
| 23:21 | ۞_KDZ_۞ · wall_segment Stone Wall x1 |
| 23:40 | M.Zahd · first_building Castle |
| 25:00 | Jarp_33 · first_building Castle |
| 25:05 | KOMMEPCAHT · wall_segment Stone Wall x16 |
| 25:16 | Jarp_33 · first_building Monastery |
| 25:22 | KOMMEPCAHT · wall_segment Stone Wall x3 |
| 25:27 | johansoderstrom1 · first_building Barracks |
| 25:30 | M.Zahd · first_building Barracks |
| 25:37 | Jarp_33 · first_market_buy 100 wood |
| 25:39 | ۞_KDZ_۞ · wall_segment Stone Wall x10 |
| 25:40 | KOMMEPCAHT · first_building Castle |
| 25:45 | KOMMEPCAHT · first_building Barracks |
| 25:45 | ۞_KDZ_۞ · wall_segment Stone Wall x1 |
| 25:48 | ۞_KDZ_۞ · wall_segment Stone Wall x8 |
| 26:36 | KOMMEPCAHT · wall_segment Stone Wall x10 |
| 26:51 | johansoderstrom1 · first_building Stable |
| 27:12 | Honey Badger · first_building Siege Workshop |
| 27:21 | BubbleButt87 · first_building Barracks |
| 27:48 | Jarp_33 · first_building Siege Workshop |
| 28:05 | KOMMEPCAHT · first_building Monastery |
| 28:10 | johansoderstrom1 · first_building Siege Workshop |
| 28:44 | BubbleButt87 · first_building Castle |
| 28:44 | KOMMEPCAHT · first_building Archery Range |
| 28:57 | Honey Badger · first_building Barracks |
| 29:00 | M.Zahd · age_up imperial |
| 29:31 | ۞_KDZ_۞ · first_building Monastery |
| 29:52 | bryant200120 · age_up imperial |
| 29:55 | Jarp_33 · age_up imperial |
| 30:08 | johansoderstrom1 · age_up imperial |
| 30:42 | KOMMEPCAHT · age_up imperial |
| 30:49 | ۞_KDZ_۞ · first_building Archery Range |
| 30:56 | johansoderstrom1 · first_market_sell 100 food |
| 31:48 | KOMMEPCAHT · first_building Stable |
| 32:04 | ۞_KDZ_۞ · first_building Castle |
| 32:22 | BubbleButt87 · first_building Siege Workshop |
| 32:29 | BubbleButt87 · first_building Stable |
| 32:32 | ۞_KDZ_۞ · first_building Siege Workshop |
| 32:42 | BubbleButt87 · first_building Archery Range |
| 32:42 | Honey Badger · age_up imperial |
| 33:00 | Jarp_33 · first_building Barracks |
| 33:29 | KOMMEPCAHT · first_building Siege Workshop |
| 33:56 | ۞_KDZ_۞ · age_up imperial |
| 35:03 | BubbleButt87 · wall_segment Stone Wall x6 |
| 35:56 | BubbleButt87 · age_up imperial |
| 38:45 | bryant200120 · wall_segment Stone Wall x13 |
| 39:09 | Honey Badger · first_building Castle |
| 39:13 | ۞_KDZ_۞ · wall_segment Stone Wall x8 |
| 39:52 | ۞_KDZ_۞ · wall_segment Stone Wall x7 |
| 40:04 | ۞_KDZ_۞ · wall_segment Stone Wall x3 |
| 41:43 | M.Zahd · wall_segment Stone Wall x6 |
| 44:19 | bryant200120 · first_building Archery Range |
| 46:56 | Honey Badger · tribute_sent a jugador 1 |
| 46:56 | Honey Badger · tribute_sent a jugador 2 |
| 46:56 | Honey Badger · tribute_sent a jugador 3 |
| 46:56 | Honey Badger · tribute_sent a jugador 4 |
| 46:56 | Honey Badger · tribute_sent a jugador 6 |
| 46:56 | Honey Badger · tribute_sent a jugador 7 |
| 46:56 | Honey Badger · tribute_sent a jugador 8 |
| 48:02 | M.Zahd · first_market_sell 500 food |
| 48:04 | M.Zahd · first_market_buy 100 stone |
| 48:27 | KOMMEPCAHT · wall_segment Stone Wall x5 |
| 51:14 | ۞_KDZ_۞ · first_building Stable |
| 54:54 | Honey Badger · first_market_sell 500 wood |
| 56:00 | Jarp_33 · first_market_sell 100 wood |
| 56:00 | M.Zahd · wall_segment Stone Wall x8 |
| 57:07 | Honey Badger · first_building Stable |
| 57:49 | BubbleButt87 · first_market_sell 100 wood |
| 59:04 | bryant200120 · resign |
[ AI ANALYSIS · 1 CREDIT ]
What really happened in this match?
Wolo.gg analyzes every decision: build order, eco, micro, common mistakes by bracket. Personalized analysis on WhatsApp or Discord in 30 seconds.
Civ guide
Byzantines
Map guide
Black Forest
Perfil
Jugador #9851652